 Dungeon Crawl Stone Soup version 0.28.0-1-gb440e238dd (webtiles) character file.

Game seed: 15221778114618223716

35 Colgate the Conjurer (level 3, -2/24 HPs)
             Began as a Demonspawn Conjurer on Feb 19, 2022.
             Was a Follower of Trog.
             Slain by a worm (9 damage)
             ... on level 2 of the Dungeon.
             The game lasted 00:04:51 (1535 turns).

Colgate the Conjurer (Demonspawn Conjurer)          Turns: 1535, Time: 00:04:52

Health: -2/24      AC:  2    Str:  9    XL:     3   Next: 17%
Magic:  6/6        EV: 12    Int: 19    God:    Trog [*.....]
Gold:   41         SH:  0    Dex: 11    Spells: 3/6 levels left

rFire   . . .      SeeInvis .   l - +0 mace
rCold   . . .      Faith    .   (no shield)
rNeg    . . .      Spirit   .   a - +0 robe
rPois   .          Reflect  .   (helmet restricted)
rElec   .          Harm     .   (no cloak)
rCorr   .          Rampage  .   (no gloves)
Will    .....                   (no boots)
Stlth   ++........              (no amulet)
HPRegen 0.08/turn               (no ring)
MPRegen 0.10/turn               (no ring)

@: on berserk cooldown
A: horns 2
a: Renounce Religion, Berserk


You were on level 2 of the Dungeon.
You worshipped Trog.
Trog was aware of your devotion.
You visited 1 branch of the dungeon, and saw 2 of its levels.

You collected 41 gold pieces.

Inventory:

Hand Weapons
 l - a +0 mace (weapon)
Missiles
 k - 34 stones
Armour
 a - a +0 robe (worn)
Jewellery
 h - a ring of ice
Scrolls
 b - a scroll of magic mapping {unknown}
 d - 3 scrolls of teleportation {unknown}
 i - a scroll of identify {unknown}
 j - a scroll of amnesia {unknown}
Potions
 c - 2 potions of flight {unknown}
 e - a potion of mutation {unknown}
 f - a potion of ambrosia {unknown}
 g - a potion of curing {unknown}


   Skills:
 - Level 1.7 Dodging
 - Level 1.7 Stealth
 + Level 0.6 Unarmed Combat
 - Level 2.0 Spellcasting
 - Level 5.0 Conjurations


You had 3 spell levels left.
You knew the following spells:

 Your Spells              Type           Power      Damage    Failure   Level
a - Magic Dart            Conj           80%        1d7       2%          1
b - Searing Ray           Conj           40%        2d5       3%          2

Your spell library contained the following spells:

 Spells                   Type           Power      Damage    Failure   Level
 Dazzling Flash           Conj/Hex       22%        N/A       19%         3
 Fulminant Prism          Conj/Hex       5%         3d7       52%         4
 Iskenderun's Mystic Bla  Conj/Tloc      11%        2d4       52%         4


Dungeon Overview and Level Annotations

Branches:
Dungeon (2/15)

Altars:
Trog
Beogh


Innate Abilities, Weirdness & Mutations

You have a pair of horns on your head.


Message History

The bat hits you but does no damage.
You closely miss the bat. You headbutt the bat.
You kill the bat!
Trog accepts your kill.
Found a stone staircase leading up.
There is a stone staircase leading up here.
You climb upwards.
There is a stone staircase leading down here.
HP restored.
Done exploring.
You climb downwards.
There is a stone staircase leading up here.
You climb upwards.
There is a stone staircase leading down here.
A red film seems to cover your vision as you go berserk!
You feel yourself moving faster!
You feel mighty! The worm barely misses you.
You sock the worm! You sock the worm!
You kill the worm!
Trog accepts your kill.
No target in view!
You start waiting.
You feel a strong urge to attack something.
You start waiting.
You feel your anger nearly subside.
You are no longer berserk.
You are exhausted.
You feel yourself slow down.
You start waiting.
You feel yourself speed up.
You climb downwards.
The worm closely misses you.
There is a stone staircase leading up here.
You completely miss the worm. The worm bites you.
You hit the worm. The worm bites you.
You barely miss the worm. The worm closely misses you.
You hit the worm but do no damage. You hit the worm. You headbutt the worm.
The worm bites you.
You barely miss the worm. The worm bites you!
* * * LOW HITPOINT WARNING * * *
The worm bites you!
You die...

###.#......#.####.....b ..
..........#........... #.
##.#####.>#...........
#.#####w.....ww............
#.#.....#########w.#.......
#.#.###.# #..............
###.#...#.# #.#......#.####
.)...w###.##.##.##.......#
####.#####.....w@......###
#.....# #...####......#
#.......###. #.#....#
.....>..^##. ....#....
.........# #.#.#####
..^..^..... ...#
.....^^^.#.# .. .
^........#.# ## #.
#.......## #


You could see a worm.

Vanquished Creatures
  A worm (D:1)
  A dart slug (D:1)
  2 bats
  4 endoplasms
  A giant cockroach (D:1)
  3 hobgoblins (D:1)
  4 jackals (D:1)
  2 kobolds (D:1)
  A ball python (D:1)
  4 goblins (D:1)
  3 rats (D:1)
26 creatures vanquished.

Notes
Turn   | Place    | Note
-------+----------+-------------------------------------------
     0 | D:1      | Colgate the Demonspawn Conjurer began the quest for the
                  | Orb.
     0 | D:1      | Reached XP level 1. HP: 13/13 MP: 3/3
   260 | D:1      | Gained mutation: You have a pair of small horns on your
                  | head. [demonic ancestry]
   260 | D:1      | Reached XP level 2. HP: 19/19 MP: 1/5
   263 | D:1      | Learned a level 2 spell: Searing Ray
   817 | D:1      | Reached skill level 5 in Conjurations
  1057 | D:1      | Found a faded altar of an unknown god.
  1142 | D:1      | Prayed at the altar of an unknown god.
  1142 | D:1      | Became a worshipper of Trog the Wrathful
  1142 | D:1      | Reached * piety under Trog
  1253 | D:1      | Gained mutation: You have a pair of horns on your head.
                  | [demonic ancestry]
  1253 | D:1      | Reached XP level 3. HP: 24/24 MP: 6/6
  1535 | D:2      | Slain by a worm

Illustrated notes

Levels and vault maps discovered:
D:1:      dpeg_arrival_windows_large_door, layout_basic,
          hellmonk_ecumenical_altar_defaced_shrine
D:2:      layout_basic, nicolae_wormholes

Skill      XL: |  1  2 |
---------------+-------+-----
Conjurations   | 5 |  5.0
Dodging        | |  1.7
Stealth        | |  1.7
Unarmed Combat | |  0.6
Spellcasting   | |  2.0

Action                   || total
-------------------------++-------
Melee: Unarmed           ||     2
       Short sword       ||     1
       Mace              ||    18
       Headbutt          ||     3
       Punch             ||     1
 Cast: Magic Dart        ||    41
       Searing Ray       ||     2
Invok: Berserk           ||     1
Armor: Robe              ||     4
Dodge: Dodged            ||    18
